 Dungeon Crawl Stone Soup version 0.20-a0-465-g6513c8f (webtiles) character file.

7 mopl the Insei (level 2, 13/21 HPs)
             Began as a Barachian Transmuter on Jan 12, 2017.
             Quit the game on level 1 of the Dungeon.
             The game lasted 00:00:54 (159 turns).

mopl the Insei (Barachian Transmuter)                Turns: 159, Time: 00:00:55

Health: 13/21      AC:  2    Str:  8    XL:     2   Next: 4%
Magic:  4/5        EV: 12    Int: 11    God:
Gold:   11         SH:  0    Dex: 13    Spells: 2/5 levels left

rFire  . . .     SeeInvis .       - Unarmed
rCold  . . .     Gourm    .     b - +0 robe
rNeg   . . .     Faith    .     (no shield)
rPois  .         Spirit   .     (no helmet)
rElec  .         Reflect  .     (no cloak)
rCorr  .         Harm     .     (no gloves)
MR     .....                    (no boots)
Stlth  +.........               i - amulet of inaccuracy (curse)
                                (no ring)
                                (no ring)

@: very slightly contaminated, slow
A: swims, agile 1, deterioration 1, slowness 1, strong legs 1
a: Hop


You were on level 1 of the Dungeon.
You were not hungry.

You visited 1 branch of the dungeon, and saw 1 of its levels.

You collected 11 gold pieces.

Inventory:

Missiles
 a - 26 arrows
Armour
 b - a +0 robe (worn)
Jewellery
 i - a cursed amulet of inaccuracy (around neck)
Scrolls
 e - a scroll of identify
Books
 c - a book of Changes

   Spells                             Type                      Level
   a - Beastly Appendage              Transmutation                1
   b - Sticks to Snakes               Transmutation                2
   c - Spider Form                    Transmutation/Poison         3
   d - Ice Form                       Ice/Transmutation            4
   e - Blade Hands                    Transmutation                5
Comestibles
 d - a bread ration
 f - 3 fruits
 g - a chunk of flesh


   Skills:
 - Level 1.1 Fighting
 - Level 2.0 Dodging
 * Level 3.3 Unarmed Combat
 - Level 2.0 Spellcasting
 + Level 2.2 Transmutations


You had 2 spell levels left.
You knew the following spells:

 Your Spells              Type           Power        Failure   Level  Hunger
a - Beastly Appendage     Tmut           #.....       14%         1    ##.....
w - Sticks to Snakes      Tmut           #.......     21%         2    ###....


Dungeon Overview and Level Annotations

Branches:
Dungeon (1/15)

Altars:


Innate Abilities, Weirdness & Mutations

You can swim through water.
You cover ground slowly.
You can hop short distances.
You are agile. (Dex +2)
Your body sometimes deteriorates upon taking damage.


Message History

The bat hits you. The bat hits you but does no damage. The bat misses you.
The bat closely misses you. The bat barely misses you.
The bat hits you but does no damage.
Casting: Beastly Appendage
Confirm with . or Enter, or press ? or * to list all spells.
You miscast Beastly Appendage.
You are very lightly contaminated with residual magic.
Strange energies run through your body. The bat hits you.
The bat closely misses you. The bat misses you. The bat hits you.
You barely miss the bat. The bat closely misses you. The bat hits you.
You barely miss the bat. The bat hits you but does no damage. x2
You barely miss the bat. The bat hits you. The bat closely misses you.
You hit the bat.
You kill the bat!
Really quaff
h - a potion of mutation {!q}?
You feel extremely strange.
You feel yourself wasting away.
You feel agile.
Are you sure you want to abandon this character and quit the game? (Confirm with "yes".)

#.. #......##.##
##. ######.# #.#
#.# #.# #.# #.# ###
.#####.#######.....
#...........@...#
.[.##############


There were no monsters in sight!

Vanquished Creatures
  A dart slug (D:1)
  A goblin (D:1)
  A kobold (D:1)
  A bat (D:1)
  2 rats (D:1)
6 creatures vanquished.

Notes
Turn   | Place    | Note
-------+----------+-------------------------------------------
     0 | D:1      | mopl the Barachian Transmuter began the quest for the Orb.
     0 | D:1      | Reached XP level 1. HP: 15/15 MP: 3/3
   139 | D:1      | Reached XP level 2. HP: 16/21 MP: 3/5
   143 | D:1      | Learned a level 2 spell: Sticks to Snakes
   158 | D:1      | Gained mutation: Your body sometimes deteriorates upon taking damage. [potion of mutation]
   158 | D:1      | Gained mutation: You are agile. (Dex +2) [potion of mutation]
   159 | D:1      | Quit the game

Vault maps used:
D:1:      enne_arrival_octagon_isle, hangedman_decor_growths, minmay_misc_feat_x

Action                   || total
-------------------------++-------
Melee: Unarmed           ||    13
       Kick              ||     1
       Headbutt          ||     1
 Cast: Beastly Appendage ||     4
  Use: Scroll            ||     1
       Potion            ||     1
 Stab: Sleeping          ||     1
Armor: Robe              ||     5
Dodge: Dodged            ||     9
